 Dungeon Crawl Stone Soup version 0.27-a0-1066-g29160eaed2 (webtiles) character file.

Game seed: 10776364023929224753

5003 Conn the Arsonist (level 10, -7/63 HPs)
             Began as an Octopode Fire Elementalist on Apr 24, 2021.
             Was a Priest of Vehumet.
             Killed by divine providence
             ... invoked by an orc priest
              (12 damage)
             ... on level 7 of the Dungeon.
             The game lasted 00:33:23 (12186 turns).

Conn the Arsonist (Octopode Fire Elementalist)     Turns: 12186, Time: 00:33:23

Health: -7/63      AC:  1    Str:  7    XL:     10   Next: 54%
Magic:  21/21      EV: 14    Int: 21    God:    Vehumet [***...]
Gold:   477        SH:  5    Dex: 13    Spells: 6/23 levels left

rFire    . . .     SeeInvis .   t - +1 short sword of Doom {elec, rPois}
rCold    . . .     Faith    .   (no shield)
rNeg     . . .     Spirit   .   (helmet restricted)
rPois    +         Reflect  +   o - amulet of reflection
rElec    .         Harm     .   k - +4 ring of slaying
rCorr    .         Rampage  .   (no ring)
Will     .....                  (no ring)
Stlth    ++++......             (no ring)
HPRegen  0.20/turn              (no ring)
MPRegen  0.17/turn              (no ring)
                                (no ring)
                                (no ring)

@: no status effects
A: almost no armour, amphibious, 8 rings, camouflage 1, gelatinous body 1,
(nimble swimmer 1), tentacles
a: Renounce Religion


You were on level 7 of the Dungeon.
You worshipped Vehumet.
Vehumet was most pleased with you.
You visited 2 branches of the dungeon, and saw 8 of its levels.

You collected 477 gold pieces.

Inventory:

Hand Weapons
 r - the +4 mace of the Enchanted Forest {drain, Stlth+}
   (You found it on level 5 of the Dungeon)

   A truly terrible weapon, it drains the life of those it strikes.
   It makes you more stealthy.
 t - the +1 short sword of Doom (weapon) {elec, rPois}
   (You found it on level 5 of the Dungeon)

   Occasionally, upon striking a foe, it can discharge electrical energy and
   cause terrible harm.
   It protects you from poison.
 y - a +2 short sword of protection
Missiles
 n - a throwing net
 w - 31 poisoned darts
 x - a curare-tipped dart
Jewellery
 k - a +4 ring of slaying (left tentacle)
 o - an amulet of reflection (around mantle)
 v - a ring of ice
Wands
 p - a wand of acid (12)
 q - a wand of flame (13)
 u - a wand of polymorph (9)
Scrolls
 a - 3 scrolls of identify {unknown}
 b - 2 scrolls of immolation {unknown}
 c - a scroll of enchant armour {unknown}
 d - 3 scrolls of fog {unknown}
 e - a scroll of silence {unknown}
 f - 3 scrolls of amnesia {unknown}
 i - a scroll of teleportation {unknown}
 l - a scroll of magic mapping {unknown}
 m - a scroll of fear {unknown}
Potions
 g - a potion of lignification {unknown}
 h - 2 potions of haste {unknown}
 j - a potion of flight {unknown}
 s - a potion of magic {unknown}
 z - a potion of ambrosia {unknown}
 A - 2 potions of cancellation {unknown}
 B - a potion of resistance {unknown}
 C - a potion of curing


   Skills:
 + Level 3.8 Fighting
 + Level 2.1 Short Blades
 + Level 1.8 Maces & Flails
 + Level 4.3 Dodging
 + Level 5.4 Stealth
 + Level 2.3 Shields
 + Level 1.0 Unarmed Combat
 + Level 7.3 Spellcasting
 + Level 7.4 Conjurations
 + Level 8.0 Fire Magic
 + Level 0.1 Evocations


You had 6 spell levels left.
You knew the following spells:

 Your Spells              Type           Power      Damage    Failure   Level
a - Foxfire               Conj/Fire      100%       2x1d9     1%          1
b - Conjure Flame         Conj/Fire      40%        6-21      1%          3
c - Sticky Flame          Conj/Fire      40%        2d6       1%          4
d - Inner Flame           Hex/Fire       24%        N/A       1%          3
e - Fireball              Conj/Fire      20%        3d10      2%          5
g - Freeze                Ice            28%        1d5       2%          1

Your spell library contained the following spells:

 Spells                   Type           Power      Damage    Failure   Level
 Dazzling Flash           Conj/Hex       46%        N/A       1%          3
 Animate Skeleton         Necr           14%        N/A       9%          1
 Apportation              Tloc           14%        N/A       9%          1
 Corona                   Hex            8%         N/A       9%          1
 Pain                     Necr           28%        1d5       9%          1
 Summon Small Mammal      Summ           28%        N/A       9%          1
 Vampiric Draining        Necr           3%         2d6       26%         3
 Animate Dead             Necr           3%         N/A       63%         4
 Agony                    Necr           7%         N/A       93%         5


Dungeon Overview and Level Annotations

Branches:
Dungeon (7/15)             Temple (1/1) D:4

Altars:
Ashenzari
Cheibriados
Dithmenos
Elyvilon
Fedhas
Gozag
Hepliaklqana
Kikubaaqudgha
Okawaru
Ru
Vehumet
Wu Jian
Xom
Yredelemnul
The Shining One

Annotations:
D:7 Dowan


Innate Abilities, Weirdness & Mutations

You cannot wear most types of armour.
You are amphibious.
You can wear up to eight rings at the same time.
Your skin changes colour to match your surroundings (Stealth+).
Your rubbery body absorbs attacks. (AC +1, EV +1)
((You are camouflaged near water. (Stealth+)))
You have tentacles for arms and can constrict up to eight enemies at once.


Message History

The sticky flame hits the orc warrior.
The orc warrior is lightly wounded.
The orc warrior is covered in liquid flames!
The orc warrior burns!
The orc warrior hits you with a +0 long sword!!
* * * LOW HITPOINT WARNING * * *
The orc priest looks encouraged for a moment.
The orc warrior burns!
The orc warrior burns!
The orc priest calls upon Beogh to heal the orc warrior.
The orc warrior is healed somewhat.
The orc priest calls down the wrath of Beogh upon you.
Beogh smites you!
* * * LOW HITPOINT WARNING * * *
Okay, then.
Casting: Sticky Flame (dangerous; 1% risk of failure)
Confirm with . or Enter, or press ? or * to list all spells.
Okay, then.
Okay, then.
Okay, then.
Unknown command.
Okay, then.
Unknown command.
Unknown command.
The orc priest begins to cast a cantrip, but forgets the words!
The orc priest calls upon Beogh to heal the orc warrior.
The orc warrior is healed somewhat.
There is an escape hatch in the floor here.
You see here a +0 dagger.
Things that are here:
a +0 robe; a +0 short sword The orc warrior hits you with a +0 long sword!
* * * LOW HITPOINT WARNING * * *
There is an escape hatch in the ceiling, spattered with blood here.
Things that are here:
a +0 leather armour; a +0 short sword
There is a stone staircase leading down here.
The orc priest calls down the wrath of Beogh upon you.
Beogh smites you!
You die...

#......#........
#..()).#.#####..
####<...........
#.....####### #...###
..###...# #####
#.......# #...###
#####.#.# #.#.>.####
......#[###..#.o@..#
.....#.[.).[...###......
####....#.<....# .####
####.[.#.#.#### ..
##..o......# ..
##...#.##.... .. ##
#.....## ... . .#
#..#...# .. .#
###..#.#...# .


You could see an orc warrior and an orc priest.

Vanquished Creatures
  2 two-headed ogres
  Maggie (D:7)
  A yak (D:5)
  A steam dragon (D:7)
  Edmund (D:6)
  Duvessa (D:7)
  A sky beast (D:6)
  2 orc warriors
  An ice beast (D:7)
  A necrophage (D:4)
  2 black bears
  A centaur (D:5)
  4 kobold brigands
  A bullfrog (D:7)
  A wyvern zombie (D:7)
  7 scorpions
  A water moccasin skeleton (D:4)
  5 wights
  5 electric eels (D:6)
  A howler monkey (D:5)
  A bullfrog zombie (D:6)
  2 orc priests
  2 bullfrog skeletons
  A gnoll shaman (D:6)
  4 hounds
  2 jellies
  A centaur skeleton (D:4)
  Natasha (thrice) (D:3)
  2 hound zombies (D:5)
  21 gnolls
  8 adders
  A white imp (D:6)
  2 ufetubi (D:5)
  A worm (D:2)
  5 dart slugs
  12 orcs
  4 endoplasms
  3 giant cockroaches
  10 goblins
  5 hobgoblins
  8 jackals
  4 quokkas
  3 ball pythons
  9 bats
  5 frilled lizards
  63 kobolds
  4 rats
226 creatures vanquished.

Vanquished Creatures (collateral kills)
  A foxfire (D:4)
1 creature vanquished.

Vanquished Creatures (others)
  3 demonic plants (D:2)
  775 foxfires
  3 fungi (D:4)
  2 plants (D:2)
  A withered plant (D:2)
784 creatures vanquished.

Grand Total: 1011 creatures vanquished

Notes
Turn   | Place    | Note
-------+----------+-------------------------------------------
     0 | D:1      | Conn the Octopode Fire Elementalist began the quest for the
                  | Orb.
     0 | D:1      | Reached XP level 1. HP: 11/11 MP: 3/3
   420 | D:1      | Reached XP level 2. HP: 17/17 MP: 3/5
  1166 | D:2      | Reached XP level 3. HP: 21/21 MP: 3/6
  1296 | D:2      | Found a faded altar of an unknown god.
  2459 | D:3      | Found a basalt altar of Yredelemnul.
  2472 | D:3      | Found a blossoming altar of Fedhas.
  2477 | D:3      | Found an ornate altar of the Wu Jian Council.
  2663 | D:3      | Reached XP level 4. HP: 23/27 MP: 2/7
  2823 | D:3      | Learned a level 3 spell: Conjure Flame
  2828 | D:3      | Learned a level 4 spell: Sticky Flame
  2951 | D:3      | Found an iron altar of Okawaru.
  3312 | D:4      | Noticed a scorpion
  3320 | D:4      | Killed a scorpion
  3321 | D:4      | Reached XP level 5. HP: 27/32 MP: 4/9
  3698 | D:3      | Reached skill level 4 in Fire Magic
  4186 | D:4      | Reached XP level 6. HP: 37/37 MP: 5/11
  4218 | D:4      | Found a snail-covered altar of Cheibriados.
  4398 | D:4      | Found a staircase to the Ecumenical Temple.
  4413 | Temple   | Entered the Ecumenical Temple
  4740 | Temple   | Became a worshipper of Vehumet
  5233 | D:3      | Reached XP level 7. HP: 25/42 MP: 10/13
  5270 | D:3      | Noticed Natasha
  5278 | D:3      | Killed Natasha
  5279 | D:3      | Reached skill level 1 in Fighting
  5286 | D:3      | Noticed Natasha
  5292 | D:3      | Killed Natasha
  5644 | D:3      | Noticed Natasha
  5661 | D:3      | Killed Natasha
  6162 | D:4      | Reached skill level 5 in Fire Magic
  6249 | D:5      | Entered Level 5 of the Dungeon
  6703 | D:5      | Noticed a yak
  6843 | D:5      | Identified the +4 mace of the Enchanted Forest {drain,
                  | Stlth+}
  7002 | D:5      | Reached skill level 1 in Unarmed Combat
  7002 | D:5      | Reached XP level 8. HP: 44/48 MP: 10/14
  7137 | D:5      | Noticed a two-headed ogre
  7641 | D:5      | Killed a yak
  7642 | D:5      | Reached skill level 1 in Shields
  7642 | D:5      | Reached skill level 5 in Spellcasting
  7695 | D:5      | Reached * piety under Vehumet
  7695 | D:5      | Offered knowledge of Freeze by Vehumet.
  7867 | D:5      | Identified the +1 short sword of Doom {elec, rPois}
  7914 | D:5      | Reached skill level 1 in Maces & Flails
  8287 | D:5      | Reached skill level 6 in Fire Magic
  8609 | D:5      | Killed a two-headed ogre
  8610 | D:5      | Reached skill level 5 in Conjurations
  8610 | D:5      | Reached XP level 9. HP: 42/56 MP: 3/18
  8805 | D:6      | Noticed a two-headed ogre
  8855 | D:6      | Killed a two-headed ogre
  8856 | D:6      | Reached skill level 7 in Fire Magic
  8899 | D:6      | Learned a level 1 spell: Freeze
  8909 | D:6      | Learned a level 3 spell: Inner Flame
  8915 | D:6      | Learned a level 5 spell: Fireball
  9416 | D:6      | Noticed Edmund
  9432 | D:6      | Killed Edmund
  9457 | D:6      | Offered knowledge of Magic Dart by Vehumet.
  9460 | D:6      | Reached ** piety under Vehumet
  9512 | D:6      | Reached XP level 10. HP: 40/63 MP: 16/20
  9903 | D:6      | Offered knowledge of Ignite Poison by Vehumet.
  9973 | D:6      | Reached *** piety under Vehumet
 10254 | D:6      | Offered knowledge of Dazzling Flash by Vehumet.
 10559 | D:6      | Found a hazy altar of Hepliaklqana.
 11100 | D:7      | Noticed Duvessa
 11101 | D:7      | Noticed Dowan
 11108 | D:7      | Killed Duvessa
 11109 | D:7      | Reached skill level 5 in Stealth
 11439 | D:7      | Reached skill level 1 in Short Blades
 11479 | D:7      | Noticed Maggie
 11708 | D:7      | Killed Maggie
 11709 | D:7      | Reached skill level 8 in Fire Magic
 12174 | D:7      | HP: 3/63 [orc warrior/+0 long sword (11)]
 12186 | D:7      | Killed from afar by an orc priest

Illustrated notes

Levels and vault maps discovered:
D:1:      matt_arrival_los_fun, layout_basic
D:2:      layout_basic, shapermc_ecumenical_altar_gd, nrook_mini_vaults
D:3:      layout_basic, kennysheep_okawaru_gauntlet,
          minmay_overflow_temple_star_quad, uniq_natasha
D:4:      old_forge, layout_basic, kennysheep_slug_shrine,
          minmay_temple_entry_crystal_x
D:5:      cheibrodos_fzero, layout_rooms
D:6:      minmay_goblin_kobold_castle, layout_loops_corners,
          general_overflow_altar, uniq_edmund
D:7:      layout_rooms, gammafunk_ghost_wrathful_warriors, uniq_maggie,
          uniq_duvessa
Temple:   jpeg_temple_island

Skill      XL: |  1  2  3  4  5  6  7  8  9 10 |
---------------+-------------------------------+-----
Stealth        | 3 4 5 |  5.4
Conjurations   | 2 3 4 5 6 7 |  7.4
Spellcasting   | 3 4 6 7 |  7.3
Fire Magic     | 4 5 6 7 8 |  8.0
Fighting       | 1 3 |  3.8
Dodging        | 3 4 |  4.3
Unarmed Combat | 1 |  1.0
Shields        | 1 2 |  2.3
Maces & Flails | 1 |  1.8
Short Blades   | 2 |  2.1
Evocations     | |  0.1

Action                   |  1- 3 |  4- 6 |  7- 9 | 10-12 || total
-------------------------+-------+-------+-------+-------++-------
Melee: Unarmed           |    15 |    14 |     9 |       ||    38
       Tentacles         |     2 |     1 |     5 |     9 ||    17
       Constrict         |     2 |     4 |     6 |    13 ||    25
       Mace              |       |       |     8 |       ||     8
       Short sword       |       |       |     5 |    49 ||    54
 Cast: Foxfire           |    83 |    96 |   188 |    64 ||   431
       Conjure Flame     |       |       |     5 |     1 ||     6
       Sticky Flame      |       |       |     4 |     4 ||     8
       Fireball          |       |       |     1 |     5 ||     6
       Inner Flame       |       |       |       |     1 ||     1
Evoke: Wand              |       |       |       |     1 ||     1
 Stab: Sleeping          |     2 |     1 |       |     2 ||     5
Armor: Skin              |     2 |     5 |     4 |     2 ||    13
Dodge: Dodged            |    22 |    50 |    72 |    48 ||   192
Block: Other             |       |    15 |    22 |    25 ||    62
       Reflection        |       |       |     1 |     3 ||     4

Table legend: (Time is in decaauts)
 A = Elapsed time spent in this place.
 B = Non-inter-level travel time spent in this place.
 C = Inter-level travel time spent in this place.
 D = Time resting spent in this place.
 E = Time spent auto-exploring this place.
 F = Levels seen in this place.
 G = Mean time per level.
                   A        B        C        D        E       F      G
               +--------+--------+--------+--------+--------+-----+--------+
         Total |  12201 |  11982 |    219 |   2119 |   6219 |   8 | 1525.1 |
       Dungeon |  11843 |  11655 |    188 |   2119 |   5905 |   7 | 1691.9 |
        Temple |    358 |    327 |     31 |      0 |    314 |   1 |  358.0 |
               +--------+--------+--------+--------+--------+-----+--------+

Top non-repeatable levels by time:
     D:6: 2707 daAuts
     D:4: 2199 daAuts
     D:3: 2010 daAuts
     D:5: 1840 daAuts
     D:2: 1637 daAuts
     D:1: 758 daAuts
     D:7: 689 daAuts
  Temple: 358 daAuts
